 Dungeon Crawl Stone Soup version 0.26.1-2-gb8aa6d0cf2 (webtiles) character file.

Game seed: 16711758395171859383

875 geezuus the Chopper (level 7, -3/70 HPs)
             Began as a Troll Berserker on Mar 3, 2021.
             Was an Elder of Trog.
             Slain by an orc warrior
             ... wielding a +0 trident
              (13 damage)
             ... on level 6 of the Dungeon.
             The game lasted 00:20:13 (5185 turns).

geezuus the Chopper (Troll Berserker)               Turns: 5185, Time: 00:20:13

Health: -3/70      AC:  6    Str: 28    XL:     7   Next: 74%
Magic:  6/6        EV: 11    Int:  3    God:    Trog [****..]
Gold:   281        SH:  0    Dex: 11    Spells: 6/6 levels left

rFire    . . .     SeeInvis .   a - +2 hand axe
rCold    . . .     Faith    +   (no shield)
rNeg     . . .     Spirit   .   b - +0 animal skin
rPois    +         Reflect  .   (helmet restricted)
rElec    .         Harm     .   (no cloak)
rCorr    .         Rampage  .   (gloves unavailable)
Will     ++...                  (boots unavailable)
Stlth    +.........             h - amulet of faith
HPRegen  1.61/turn              m - ring of poison resistance
MPRegen  0.10/turn              (no ring)

@: berserk cooldown, regenerating, slowed, very slow
A: large, unfitting armour, claws 3, hooves 1, agile 1, regeneration 1, shaggy
fur 1, tough skin 3
a: Renounce Religion, Berserk, Trog's Hand, Brothers in Arms


You were on level 6 of the Dungeon.
You worshipped Trog.
Trog was greatly pleased with you.
You visited 1 branch of the dungeon, and saw 6 of its levels.

You collected 281 gold pieces.

Inventory:

Hand Weapons
 a - a +2 hand axe (weapon)
 g - a +0 flail of protection
Armour
 b - a +0 animal skin (worn)
 q - a cursed +0 kite shield
Jewellery
 h - an amulet of faith (around neck)
 m - a ring of poison resistance (left claw)
Wands
 k - a wand of polymorph (11)
 u - a wand of iceblast (4)
Scrolls
 n - 2 scrolls of remove curse
 o - a scroll of amnesia
 p - a scroll of enchant weapon
 r - 4 scrolls of identify
 x - 5 scrolls of teleportation
Potions
 c - 4 potions of curing
 d - a potion of flight
 e - 2 potions of heal wounds
 f - a potion of mutation
 i - 2 potions of invisibility
 j - a potion of cancellation
 l - a potion of lignification
 s - a potion of berserk rage
 t - 2 potions of haste


   Skills:
 + Level 4.1 Fighting
 + Level 5.7 Axes
 + Level 4.4 Dodging
 + Level 0.6 Stealth


You had 6 spell levels left.
You didn't know any spells.
Your spell library was empty.

Dungeon Overview and Level Annotations

Branches:
Dungeon (6/15)             Temple (0/1) D:5

Altars:
Ashenzari
Cheibriados
Fedhas
Nemelex Xobeh
Okawaru
Ru
Sif Muna
Vehumet
Wu Jian

Shops:
D:4 [


Innate Abilities, Weirdness & Mutations

You are too large for most types of armour.
You have claws for hands.
Your natural rate of healing is unusually fast.
You are covered in fur. (AC +1)
You have extremely tough skin. (AC +3)
You have large cloven feet.
You are agile. (Dex +2)


Message History

You completely miss the orc warrior.
You kick the orc warrior, but do no damage.
The orc warrior is moderately wounded.
The orc warrior closely misses you.
The orc warrior hits you with a +0 trident!
* * * LOW HITPOINT WARNING * * *
You barely miss the orc warrior. Your kick misses the orc warrior.
The orc warrior is moderately wounded.
The orc warrior hits you but does no damage.
You barely miss the orc warrior. Your kick misses the orc warrior.
The orc warrior is moderately wounded.
The orc warrior hits you with a +0 trident!
* * * LOW HITPOINT WARNING * * *
The orc warrior hits you with a +0 trident.
* * * LOW HITPOINT WARNING * * *
You hit the orc warrior.
The orc warrior is moderately wounded.
The orc wizard miscasts a cantrip.
The orc warrior hits you with a +0 trident!
You die... #.# #.# .# #.#### . #....# ##. ####.# #oo

#.# #o# #.# #{# # #.#
#o# ##
#...##.######@#...##
..........)...........
##...##.###........###
##. #.# #.##.##..# #
#.# #.##..##.# #.#
#.###.# .# #.# #.. ..
# ..# ### .## ## .#


You could see an orc warrior, an orc wizard and 2 orcs.

Vanquished Creatures
  2 ogres
  A bullfrog (D:6)
  A hound (D:6)
  An orc priest (D:6)
  A bullfrog skeleton (D:5)
  A bullfrog zombie (D:5)
  7 orc wizards
  A worker ant zombie (D:5)
  10 gnolls
  8 adders
  A shadow imp (D:6)
  2 white imps
  An ooze (D:4)
  A worm (D:4)
  4 dart slugs
  2 leopard geckos
  12 orcs
  15 bats
  5 giant cockroaches
  11 hobgoblins
  14 jackals
  4 quokkas
  2 ball pythons (D:1)
  8 frilled lizards
  3 goblins
  10 kobolds
  A leopard gecko skeleton (D:5)
  8 rats
137 creatures vanquished.

Vanquished Creatures (others)
  4 plants (D:2)
4 creatures vanquished.

Grand Total: 141 creatures vanquished

Notes
Turn   | Place    | Note
-------+----------+-------------------------------------------
     0 | D:1      | geezuus the Troll Berserker began the quest for the Orb.
     0 | D:1      | Reached XP level 1. HP: 22/22 MP: 0/0
   117 | D:1      | Reached XP level 2. HP: 23/29 MP: 1/1
   622 | D:1      | Reached ** piety under Trog
   844 | D:2      | Found a blossoming altar of Fedhas.
   846 | D:2      | Reached XP level 3. HP: 36/36 MP: 2/2
  1145 | D:2      | Reached skill level 3 in Axes
  1182 | D:2      | Found a sacrificial altar of Ru.
  1279 | D:2      | Reached XP level 4. HP: 39/44 MP: 3/3
  1379 | D:2      | Found an ornate altar of the Wu Jian Council.
  1770 | D:3      | Found a shimmering blue altar of Sif Muna.
  1962 | D:3      | Found a snail-covered altar of Cheibriados.
  1966 | D:3      | Reached *** piety under Trog
  2038 | D:3      | Reached XP level 5. HP: 43/53 MP: 4/4
  2791 | D:4      | Found a sparkling altar of Nemelex Xobeh.
  2803 | D:4      | You fall into a shaft and drop 1 floor!
  2803 | D:5      | Entered Level 5 of the Dungeon
  2811 | D:5      | Reached skill level 4 in Axes
  2831 | D:5      | Reached XP level 6. HP: 32/61 MP: 5/5
  3056 | D:5      | Reached **** piety under Trog
  3316 | D:5      | Found a staircase to the Ecumenical Temple.
  3377 | D:5      | Gained mutation: You have large cloven feet. [potion of
                  | mutation]
  3377 | D:5      | Gained mutation: You are agile. (Dex +2) [potion of
                  | mutation]
  3640 | D:5      | Found a broken altar of Ashenzari.
  3899 | D:5      | Found an iron altar of Okawaru.
  4136 | D:4      | Found Vikkoq's Antique Armour Shop.
  4147 | D:4      | Reached XP level 7. HP: 68/68 MP: 6/6
  4209 | D:4      | Found a radiant altar of Vehumet.
  4335 | D:4      | Reached skill level 5 in Axes
  5185 | D:6      | Slain by an orc warrior

Illustrated notes

Levels and vault maps discovered:
D:1:      mrwooster_arrival_statue_3, layout_loops_cross,
          minmay_misc_feat_four_crosses, minmay_misc_feat_tiny,
          minmay_tromino_v2
D:2:      layout_loops_ring, hangedman_ru_absence, nzn_wu_jian_council_hall,
          fedhas_altar_1
D:3:      layout_basic, lemuel_blue_sif_altar, kennysheep_slug_shrine,
          kennysheep_generic_room_9
D:4:      layout_basic, kennysheep_mini_moat, kennysheep_little_box,
          serial_shops, nicolae_shop_behind_doors
D:5:      layout_basic, lemuel_coloured_pillars_altar,
          ashenzari_conservatory_becter, minmay_temple_entry_trees
D:6:      layout_loops_corners, uniq_eustachio

Skill      XL: |  1  2  3  4  5  6  7 |
---------------+----------------------+-----
Axes           | 3 4 5 |  5.7
Dodging        | 3 4 |  4.4
Fighting       | 3 4 |  4.1
Stealth        | |  0.6

Action                   |  1- 3 |  4- 6 |  7- 9 || total
-------------------------+-------+-------+-------++-------
Melee: Hand axe          |   150 |   285 |    77 ||   512
       Kick              |       |     4 |    19 ||    23
Invok: Berserk           |       |     3 |     1 ||     4
       Trog's Hand       |       |     3 |     1 ||     4
  Use: Scroll            |       |    12 |       ||    12
       Potion            |       |    12 |       ||    12
 Stab: Sleeping          |       |     1 |       ||     1
Armor: Animal skin       |    96 |   117 |    19 ||   232
Dodge: Dodged            |   124 |   198 |    29 ||   351
